 Dungeon Crawl Stone Soup version 0.31.0-32-g396128a36d (webtiles) character file.

Game seed: 9953146957902465891

119 Dvallin the Changeling (level 4, 0/28 HPs)
             Began as a Draconian Shapeshifter on Apr 1, 2024.
             Slain by a gnoll
             ... wielding a +0 whip
              (2 damage)
             ... on level 4 of the Dungeon.
             The game lasted 00:03:16 (2528 turns).

Dvallin the Changeling (Draconian Shapeshifter)     Turns: 2528, Time: 00:03:17

Health: 0/28       AC:  5    Str: 22    XL:     4   Next: 73%
Magic:  4/4        EV: 16    Int: 11    God:
Gold:   128        SH:  0    Dex: 12    Spells: 3/3 levels left

rFire   . .          .
                       - Unarmed
rCold   . . .        (shield currently unavailable)
rNeg    . . .        (body armour unavailable)
rPois   .            (helmet restricted)
rElec   .            (no cloak)
rCorr   +            (no gloves)
SInv    .            (no boots)
Will    .....        (no amulet)
Stlth   +            f - +6 ring of strength
HPRegen 0.24/turn    l - ring of resist corrosion
MPRegen 0.09/turn

%: no passive effects
@: flux-form, glowing
A: glow, contaminating, reduced hp, AC +5, unfitting armour, cold-blooded
a: Begin Untransformation


You were on level 4 of the Dungeon.
You were something dangerously unstable.
You visited 1 branch of the dungeon, and saw 4 of its levels.

You collected 128 gold pieces.

Inventory:

Jewellery
 f - a +6 ring of strength (left hand)
 l - a ring of resist corrosion (right hand)
Talismans
 b - a beast talisman
 c - a flux talisman (active)
 s - a maw talisman
Scrolls
 d - a scroll of revelation {unknown}
 e - 2 scrolls of amnesia {unknown}
 h - a scroll of identify {unknown}
 j - a scroll of summoning {unknown}
 m - 2 scrolls of fog {unknown}
 p - a scroll of noise {unknown}
 q - a scroll of enchant armour {unknown}
 r - 2 scrolls of teleportation {unknown}
 t - a scroll of vulnerability {unknown}
Potions
 a - a potion of lignification
 g - a potion of curing {unknown}
 i - a potion of invisibility {unknown}
 k - a potion of enlightenment {unknown}
 n - a potion of mutation {unknown}
 o - a potion of attraction {unknown}


   Skills:
 - Level 1.1 Fighting
 - Level 1.7 Dodging
 - Level 3.0 Unarmed Combat
 + Level 5.2 Shapeshifting


You had 3 spell levels left.
You didn't know any spells.
Your spell library contained the following spells:

 Spells                   Type           Power      Damage    Failure   Level
 Static Discharge         Conj/Air       0%         3-3/arc   47%         2
 Frozen Ramparts          Ice            0%         1d1       71%         3
 Gell's Gravitas          Tloc           0%         N/A       71%         3
 Teleport Other           Tloc           0%         N/A       71%         3
 Airstrike                Air            0%         2d(0-16)  98%         4
 Leda's Liquefaction      Alch/Erth      0%         N/A       98%         4
 Manifold Assault         Tloc           0%         N/A       98%         4
 Petrify                  Alch/Erth      0%         N/A       98%         4
 Summon Lightning Spire   Summ/Air       0%         N/A       98%         4
 Metabolic Englaciation   Hex/Ice        0%         N/A       100%        5
 Dispersal                Tloc           0%         N/A       100%        6
 Disjunction              Tloc           0%         N/A       100%        8


Dungeon Overview and Level Annotations

Branches:
Dungeon (4/15)
 Temple: D:4-7

Altars:
Fedhas

Annotations:
D:4 1 transporter


Innate Abilities, Weirdness & Mutations

You are something dangerously unstable.
You glow with magical radiation, making you easy to see and hit.
Foes you strike become dangerously contaminated with magical radiation.
Your maximum health is decreased, since you lack skill for your form.
You are incapable of wielding weapons or throwing items.
Your plain brown scales are hard. (AC +5)
You cannot fit into any form of body armour.
You are cold-blooded and may be slowed by cold attacks.


Message History

You are too injured to fight recklessly!
You are too injured to fight recklessly!
You are too injured to fight recklessly!
You are too injured to fight recklessly!
You are too injured to fight recklessly!
You are too injured to fight recklessly!
You are too injured to fight recklessly!
You hit the gnoll.
The gnoll glows dangerously bright.
You tail-slap the gnoll, but do no damage.
The gnoll is moderately wounded.
The gnoll misses you.
You completely miss the gnoll.
The gnoll is moderately wounded.
The gnoll misses you.
You hit the gnoll but do no damage.
The gnoll shudders as magic cascades through it.
The gnoll twists and deforms.
The gnoll is heavily wounded.
The gnoll barely misses you.
You barely miss the gnoll.
The gnoll is heavily wounded.
The gnoll barely misses you.
You barely miss the gnoll.
The gnoll is heavily wounded.
The gnoll hits you with a +0 club.
You hit the gnoll.
The gnoll begins to glow.
The gnoll is heavily wounded.
The gnoll barely misses you.
You hit the gnoll.
The gnoll glows dangerously bright.
You tail-slap the gnoll.
You kill the gnoll!
The gnoll closely misses you.
Things that are here:
a +0 club; a +0 spear You barely miss the gnoll.
The gnoll hits you with a +0 whip.
You barely miss the gnoll. The gnoll hits you with a +0 whip!
* * * LOW HITPOINT WARNING * * *
You hit the gnoll.
The gnoll begins to glow.
The gnoll is moderately wounded.
The gnoll hits you with a +0 whip.
You die...

.................(
...##....#####.#
.#.##.#.## ..
#......# #
####.### #.# #.#
#.#######.#
......gp..#
...########


You could see a gnoll (contam).

Vanquished Creatures
  Robin (D:1)
  2 gnolls (D:4)
  An adder (D:2)
  A dart slug (D:2)
  6 ball pythons
  8 endoplasms
  11 goblins
  9 hobgoblins
  11 jackals
  A quokka (D:1)
  3 bats
  4 frilled lizards
  6 kobolds
  7 rats
71 creatures vanquished.

Notes
Turn   | Place    | Note
-------+----------+-------------------------------------------
     0 | D:1      | Dvallin the Draconian Shapeshifter began the quest for the
                  | Orb.
     0 | D:1      | Reached XP level 1. HP: 16/16 MP: 1/1
   152 | D:1      | Reached XP level 2. HP: 6/23 MP: 2/2
   512 | D:1      | Reached skill level 4 in Shapeshifting
   858 | D:2      | Noticed Robin
   864 | D:1      | Reached XP level 3. HP: 9/27 MP: 3/3
  1002 | D:1      | Killed Robin
  1231 | D:2      | Reached XP level 4. HP: 22/35 MP: 4/4
  1319 | D:2      | Found a blossoming altar of Fedhas.
  1937 | D:3      | Found a faded altar of an unknown god.
  2066 | D:3      | Reached skill level 5 in Shapeshifting
  2492 | D:4      | Found a transporter.
  2528 | D:4      | Slain by a gnoll

Illustrated notes

Levels and vault maps discovered:
D:1:      lemuel_arrival_tunnels, layout_basic
D:2:      minmay_chambers_of_ones, layout_basic, basic_altar, uniq_robin
D:3:      layout_basic, hellmonk_ecumenical_altar_slurped_away
D:4:      layout_loops_corners, trog_butcher_becter,
          gammafunk_ghost_abyssal_escape, uniq_edmund

Skill      XL: |  1  2  3  4 |
---------------+-------------+-----
Shapeshifting  | 4 5 |  5.2
Fighting       | |  1.1
Dodging        | |  1.7
Unarmed Combat | |  3.0

Action                     |  1- 3 |  4- 6 || total
---------------------------+-------+-------++-------
  Melee: Unarmed           |   139 |    87 ||   226
         Tailslap          |    13 |     8 ||    21
    Use: Potion            |     1 |       ||     1
   Stab: Sleeping          |     1 |       ||     1
 Armour: Skin              |    74 |    51 ||   125
  Dodge: Dodged            |   105 |   127 ||   232
   Form: Flux              |     1 |       ||     1
